 Dungeon Crawl Stone Soup version 0.30-a0-1082-g70414cbcbb (webtiles) character file.

Game seed: 5864527603783763347

104 Lobster4 the Gusty (level 4, -4/25 HPs)
             Began as a Tengu Air Elementalist on Apr 15, 2023.
             Killed from afar by an orc wizard (10 damage)
             ... with a magic dart
             ... on level 3 of the Dungeon.
             The game lasted 00:04:04 (2774 turns).

Lobster4 the Gusty (Tengu Air Elementalist)         Turns: 2774, Time: 00:04:04

Health: -4/25      AC:  2    Str:  8    XL:     4   Next: 80%
Magic:  6/8        EV: 13    Int: 18    God:
Gold:   92         SH:  0    Dex: 14    Spells: 7/8 levels left

rFire   . . .      SeeInvis .    e - +0 short sword
rCold   . . .      Faith    .    (no shield)
rNeg    . . .      Spirit   .    a - +0 robe
rPois   .          Reflect  .    (helmet restricted)
rElec   .          Rampage  .    (no cloak)
rCorr   .                        (no gloves)
Will    .....                    (boots unavailable)
Stlth   ++                       (no amulet)
HPRegen 0.24/turn                (no ring)
MPRegen 0.11/turn                (no ring)

@: lethally poisoned (-4 -> -10), very slightly contaminated
A: beak, talons 3
a: no special abilities


You were on level 3 of the Dungeon.
You visited 1 branch of the dungeon, and saw 3 of its levels.

You collected 92 gold pieces.

Inventory:

Hand Weapons
 c - a +0 hand axe
 e - a +0 short sword (weapon)
Missiles
 d - 2 stones
 l - 4 poisoned darts
Armour
 a - a +0 robe (worn)
Wands
 q - a wand of light (11)
Scrolls
 f - a scroll of summoning {unknown}
 g - a scroll of identify {unknown}
 h - a scroll of fog {unknown}
 k - a scroll of amnesia {unknown}
 m - a scroll of enchant weapon {unknown}
 n - a scroll of blinking {unknown}
 o - 2 scrolls of fear {unknown}
 p - a scroll of brand weapon {unknown}
Potions
 i - a potion of ambrosia {unknown}
 j - a potion of curing {unknown}
 r - a potion of haste {unknown}


   Skills:
 + Level 1.4 Fighting
 + Level 1.4 Armour
 + Level 2.9 Dodging
 - Level 2.0 Stealth
 + Level 2.5 Spellcasting
 + Level 2.9 Conjurations
 + Level 4.6 Air Magic


You had 7 spell levels left.
You knew the following spells:

 Your Spells              Type           Power      Damage    Failure   Level
a - Shock                 Conj/Air       60%        1d6       3%          1

Your spell library contained the following spells:

 Spells                   Type           Power      Damage    Failure   Level
 Static Discharge         Conj/Air       30%        2-4/arc   5%          2
 Swiftness                Air            18%        N/A       8%          3
 Apportation              Tloc           4%         N/A       17%         1
 Necrotise                Necr           8%         1d4       17%         1
 Summon Small Mammal      Summ           8%         N/A       17%         1
 Airstrike                Air            9%         2d(2-18)  26%         4
 Simulacrum               Ice/Necr       1%         N/A       100%        6
 Ozocubu's Refrigeration  Ice            1%         4d7       100%        7
 Polar Vortex             Ice            1%         N/A       100%        9


Dungeon Overview and Level Annotations

Branches:
Dungeon (3/15)

Altars:


Innate Abilities, Weirdness & Mutations

You have a beak for a mouth.
You have claws for feet.


Message History

You're too confused to move!
The orc wizard hits you with a +0 dagger.
You bump into the rock wall.
The orc wizard gestures wildly while chanting.
The orc wizard flickers and vanishes!
You closely miss something. Your kick misses something.
You feel less confused. Something hits you.
Casting: Shock (safe; 3% risk of failure)
Confirm with . or Enter, or press ? or * to list all spells.
Aiming: Shock (safe; 3% risk of failure)
Press: ? - help, Shift-Dir - straight line, f - orc
Aim: an orc, wielding a +2 short sword of protection and quivering poisoned darts (severely wounded, 71% to hit)
The zap hits something.
The zap hits the orc.
The orc is severely wounded.
Something hits you.
Casting: Shock (safe; 3% risk of failure)
Confirm with . or Enter, or press ? or * to list all spells.
Aiming: Shock (safe; 3% risk of failure)
Press: ? - help, Shift-Dir - straight line, f/p - orc
Aim: an orc, wielding a +2 short sword of protection and quivering poisoned darts (severely wounded, 71% to hit)
The zap hits something.
The zap hits the orc.
The orc is almost dead.
Something hits you but does no damage.
The orc throws a poisoned dart.
The poisoned dart hits you!
You are lethally poisoned!
Casting: Shock (safe; 3% risk of failure)
Confirm with . or Enter, or press ? or * to list all spells.
Aiming: Shock (safe; 3% risk of failure)
Press: ? - help, Shift-Dir - straight line, f/p - orc
Aim: an orc, wielding a +2 short sword of protection and quivering poisoned darts (almost dead, 71% to hit)
You miscast Shock.
You are very lightly contaminated with residual magic.
Nothing appears to happen.
* * * LOW HITPOINT WARNING * * *
You feel sick.
You hear some strange, mumbled words.
A magic dart appears from out of thin air!
The magic dart hits you!
You die...

######.#####.#.#####
#.# #.#.# . #)#
#.#.# . #.# #...# #
#.# ##..#### #o#
#.....# #{# ##.###.#
#{# #...#..## #@#
#.......# ........#
#..♣♣♣..# #########
#.♣# ♣.# #.♣ ♣.####
#.♣# #♣.....
#..♣♣♣..####
#.......# #.#######
#.#


You could see an orc.

Vanquished Creatures
  4 adders
  2 worms
  A dart slug (D:2)
  4 orcs (D:3)
  6 endoplasms
  2 giant cockroaches (D:1)
  3 goblins
  4 hobgoblins
  7 jackals (D:1)
  2 kobolds
  2 quokkas
  3 ball pythons
  5 bats
  4 frilled lizards
  4 rats
53 creatures vanquished.

Notes
Turn   | Place    | Note
-------+----------+-------------------------------------------
     0 | D:1      | Lobster4 the Tengu Air Elementalist began the quest for the
                  | Orb.
     0 | D:1      | Reached XP level 1. HP: 10/10 MP: 4/4
   284 | D:1      | Reached XP level 2. HP: 16/16 MP: 1/6
  1049 | D:1      | Reached XP level 3. HP: 17/20 MP: 1/7
  1582 | D:2      | Reached skill level 1 in Fighting
  1582 | D:2      | Reached skill level 1 in Armour
  1710 | D:2      | Reached XP level 4. HP: 25/25 MP: 4/8
  2774 | D:3      | Killed from afar by an orc wizard

Illustrated notes

Levels and vault maps discovered:
D:1:      ncdulo_lavacross, layout_loops_corners
D:2:      layout_rooms, minmay_small_reverse_x
D:3:      layout_loops_ring, chequers_temple_overflow_minitemple,
          chequers_serial_rivers_small_a, minmay_stone_trees_small

Skill      XL: |  1  2  3 |
---------------+----------+-----
Conjurations   | 2 |  2.9
Fighting       | 1 |  1.4
Armour         | 1 |  1.4
Dodging        | |  2.9
Stealth        | |  2.0
Spellcasting   | |  2.5
Air Magic      | |  4.6

Action                     |  1- 3 |  4- 6 || total
---------------------------+-------+-------++-------
  Melee: Short sword       |    14 |     4 ||    18
         Kick              |     3 |       ||     3
         Peck              |     3 |       ||     3
   Cast: Shock             |    67 |    55 ||   122
    Use: Potion            |       |     1 ||     1
 Armour: Robe              |     8 |     4 ||    12
  Dodge: Dodged            |    19 |     8 ||    27

Table legend: (Time is in decaauts)
 A = Elapsed time spent in this place.
 B = Non-inter-level travel time spent in this place.
 C = Inter-level travel time spent in this place.
 D = Time resting spent in this place.
 E = Time spent auto-exploring this place.
 F = Levels seen in this place.
 G = Mean time per level.
                   A        B        C        D        E       F      G
               +--------+--------+--------+--------+--------+-----+--------+
         Total |   2773 |   2737 |     36 |     47 |   2375 |   3 |  924.3 |
       Dungeon |   2773 |   2737 |     36 |     47 |   2375 |   3 |  924.3 |
               +--------+--------+--------+--------+--------+-----+--------+

Top non-repeatable levels by time:
     D:1: 1385 daAuts
     D:2: 931 daAuts
     D:3: 456 daAuts
